 Dungeon Crawl Stone Soup version 0.13.0 (webtiles) character file.

360 Malachi the Ducker (level 5, -3/27 HPs)
             Began as a Spriggan Abyssal Knight on Oct 12, 2013.
             Was a Priest of Lugonu.
             Killed from afar by an orc wizard (7 damage)
             ... with a magic dart
             ... on Level 3 of the Dungeon.
             The game lasted 00:05:54 (3033 turns).

Malachi the Ducker (Spriggan Abyssal Knight)        Turns: 3033, Time: 00:05:54

HP  -3/27        AC  3     Str  8      XL: 5   Next: 37%
MP  12/12        EV 22     Int 13      God: Lugonu [***...]
Gold 175         SH  0     Dex 17      Spells:  0 memorised,  4 levels left

Res.Fire  : . . .   See Invis. : +   a - +2 short sword
Res.Cold  : . . .   Warding    : .   b - +0 robe
Life Prot.: . . .   Conserve   : .   (shield restricted)
Res.Poison: .       Res.Corr.  : .   (helmet restricted)
Res.Elec. : .       Clarity    : .   d - +0 cloak
Sust.Abil.: . .     Spirit.Shd : .   (gloves unavailable)
Res.Mut.  : .       Stasis     : .   (boots unavailable)
Res.Rott. : .       Flight     : .   (no amulet)
Saprovore : . . .                    (no ring)
                                     (no ring)

@: very quick, somewhat resistant to hostile enchantments, fairly stealthy
A: unfitting armour, see invisible, herbivore 3, speed 3, slow metabolism 2
a: Depart the Abyss, Bend Space, Banish, Renounce Religion


You were on level 3 of the Dungeon.
You worshipped Lugonu.
Lugonu was most pleased with you.
You were not hungry.

You visited 1 branch of the dungeon, and saw 3 of its levels.
You visited the Abyss 1 time.

You collected 155 gold pieces.

Inventory:

Hand weapons
 a - a +2,+2 short sword (weapon)
 v - a +3,+1 dwarven dagger of speed (quivered)
Missiles
 m - 25 arrows
Armour
 b - a +0 robe (worn)
 d - a +0 cloak (worn)
Magical devices
 w - a wand of polymorph (16) {unknown}
Comestibles
 f - a royal jelly
 n - a honeycomb
 o - a pear
 p - a choko
Scrolls
 g - 3 scrolls of identify {unknown}
 h - 4 scrolls of remove curse {unknown}
 i - a scroll of enchant weapon II {unknown}
 l - 2 scrolls of magic mapping {unknown}
 q - a scroll of blinking {unknown}
 s - a scroll of amnesia {unknown}
 t - a scroll of enchant weapon I {unknown}
 u - a scroll of curse weapon {unknown}
 y - a scroll of enchant armour {unknown}
 B - a scroll of random uselessness {unknown}
Jewellery
 x - an uncursed ring of protection from fire {unknown}
Potions
 c - a potion of porridge
 e - 2 potions of agility {unknown}
 j - a potion of restore abilities {unknown}
 k - a potion of magic {unknown}
 r - 3 potions of heal wounds {unknown}
 z - a potion of curing {unknown}
 A - a potion of degeneration {unknown}


   Skills:
 - Level 2.4 Fighting
 * Level 3.7 Short Blades
 * Level 6.6 Dodging
 + Level 1.6 Stealth
 + Level 2.5 Invocations


You had 4 spell levels left.
You didn't know any spells.

Dungeon Overview and Level Annotations

Branches:
Dungeon (3/27)

Altars:
Cheibriados


Innate Abilities, Weirdness & Mutations

You are tiny and cannot use many weapons and most armour.
You have supernaturally acute eyesight.
You are a herbivore.
You cover ground extremely quickly.
You need consume almost no food.


Message History

You kill the orc!
Lugonu accepts your kill. The orc misses you.
You barely miss the orc.
The orc wizard gestures at you while chanting.
The magic dart hits you!
* * * LOW HITPOINT WARNING * * *
The orc misses you.
The orc wizard points at you and mumbles some strange words.
The magic dart hits you!
* * * LOW HITPOINT WARNING * * *
You start resting.
An orc is nearby!
The orc wizard mumbles some strange words.
The orc wizard blinks!
You closely miss the orc wizard.
The orc wizard is heavily wounded.
The orc wizard points at you and mumbles some strange words.
The magic dart hits you!
You die...

##### ##### #...# #...#
##############...####...#########
.................................
..<#########################...##
....)...........@o.o.............
.....######...##############...##
.........).................).....
.....#.).##......................
...###...##......#############...
.........###..#### #[..
......#### ##.# ###### #...
.#.......# #.# #...%# ###.
.#.###...## #.# #....######.


You could see an orc wizard and an orc.

Vanquished Creatures
  An orc wizard (D:3)
  An orc priest (D:3)
  5 adders (D:2)
  A worm (D:2)
  2 giant geckos
  9 orcs (D:3)
  12 bats
  2 giant cockroaches
  6 goblins
  15 hobgoblins
  3 jackals
  5 giant newts
  4 kobolds
  3 quokkas (D:2)
  3 rats
72 creatures vanquished.

Notes
Turn   | Place    | Note
--------------------------------------------------------------
     0 | Abyss:1  | Malachi, the Spriggan Abyssal Knight, began the quest for the Orb.
     0 | Abyss:1  | Reached XP level 1. HP: 11/11 MP: 2/2
     7 | D:1      | Escaped the Abyss
   259 | D:1      | Reached skill level 4 in Dodging
   259 | D:1      | Reached XP level 2. HP: 10/15 MP: 4/4
   369 | D:1      | Acquired Lugonu's second power
   692 | D:2      | Reached XP level 3. HP: 16/18 MP: 7/7
  1008 | D:2      | Reached skill level 1 in Stealth
  1011 | D:2      | Reached skill level 5 in Dodging
  1191 | D:2      | Reached XP level 4. HP: 14/23 MP: 9/9
  1898 | D:2      | Acquired Lugonu's third power
  2391 | D:3      | Reached skill level 6 in Dodging
  2433 | D:3      | Reached XP level 5. HP: 15/27 MP: 12/12
  2960 | D:3      | Found a snail-covered altar of Cheibriados.
  2984 | D:3      | HP: 1/27 [orc wizard/magic dart (6)]
  3033 | D:3      | Killed from afar by an orc wizard

Action                   |  1- 3 |  4- 6 || total
-------------------------+-------+-------++-------
Melee: Short sword       |   118 |   108 ||   226
       Dagger            |       |   123 ||   123
 Stab: Sleeping          |     1 |     1 ||     2
